 Dungeon Crawl Stone Soup version 0.21-a0-529-g8c7b3f5 (webtiles) character file.

216742 NoBanana the Brawler (level 18, 0/206 HPs)
             Began as a Troll Chaos Knight on Dec 9, 2017.
             Slain by a redback (7 damage)
             ... on level 2 of the Spider Nest on Dec 10, 2017.
             The game lasted 01:01:22 (28798 turns).

NoBanana the Brawler (Troll Chaos Knight)          Turns: 28798, Time: 01:01:23

Health: 0/206      AC: 13    Str: 30 (31) XL:     18   Next: 36%
Magic:  22/22      EV: 11    Int: 10      God:    Xom [......]
Gold:   3534       SH:  0    Dex:  9      Spells: 17/17 levels left

rFire    . . .     SeeInvis +     - Unarmed
rCold    + + .     Gourm    +   K - +0 large shield
rNeg     . . .     Faith    .   Q - +3 steam dragon scales
rPois    .         Spirit   .   (helmet restricted)
rElec    .         Reflect  .   e - scarf {repulsion}
rCorr    .         Harm     .   (gloves unavailable)
MR       ++...                  (boots unavailable)
Stlth    +.........             W - amulet of rage
HPRegen  0.84/turn              l - ring of see invisible
MPRegen  0.18/turn              f - +3 ring of evasion

@: confused, lethally poisoned (0 -> -15), heavily drained, repel missiles
A: large, unfitting armour, antennae 1, claws 3, fangs 1, hooves 1, icy blue
scales 1, large bone plates 1, camouflage 1, clever 1, cold resistance 2, fast
metabolism 3, gourmand, magic resistance 1, regeneration 1, robust 1, shaggy fur
1, tough skin 2
}: 1/15 runes: decaying
a: Renounce Religion, Evoke Berserk Rage


You were on level 2 of the Spider Nest.
You worshipped Xom.
You were a very special plaything of Xom.
You were not hungry.

You visited 5 branches of the dungeon, and saw 29 of its levels.
You also visited: Ice Cave.

You collected 5344 gold pieces.
You spent 1810 gold pieces at shops.

Inventory:

Hand Weapons
 p - a +0 blowgun
Missiles
 j - 3 throwing nets
 k - 17 curare-tipped needles
 N - 23 large rocks (quivered)
Armour
 e - a scarf of repulsion (worn)
 u - a +0 cloak
 K - a +0 large shield (worn)
 Q - +3 steam dragon scales (worn)
Jewellery
 f - a +3 ring of evasion (right claw)
 l - a ring of see invisible (left claw)
 q - an uncursed ring of stealth
 L - a +2 ring of dexterity
 P - an uncursed ring of protection from fire
 R - an uncursed ring of wizardry
 T - an uncursed ring of protection from cold
 W - an amulet of rage (around neck)
 Z - a +6 ring of dexterity
Wands
 g - a wand of disintegration (15)
 r - a wand of polymorph (15)
 s - a wand of flame (87)
 v - a wand of iceblast (11)
 y - a wand of enslavement (10)
 B - a wand of acid (21)
 I - a wand of clouds (13)
 J - a wand of random effects (24)
 U - a wand of paralysis (50)
 V - a wand of digging (11)
Scrolls
 a - 4 scrolls of teleportation
 d - 2 scrolls of magic mapping
 o - 2 scrolls of enchant weapon
 z - 2 scrolls of holy word
 E - 13 scrolls of remove curse
 G - 3 scrolls of fog
 O - 2 scrolls of fear
 S - 4 scrolls of identify
Potions
 c - 2 potions of berserk rage
 h - 3 potions of might
 m - 7 potions of brilliance
 t - a potion of magic
 w - 3 potions of mutation
 x - 3 potions of cancellation
 C - a potion of ambrosia
 D - 2 potions of resistance
 F - 6 potions of flight
 X - a potion of agility
 Y - 5 potions of haste
Comestibles
 b - 7 bread rations
 i - 11 meat rations
 n - 8 royal jellies
 A - 45 fruits


   Skills:
 - Level 13.7(11.1) Fighting
 - Level 6.4(4.2) Throwing
 - Level 1.9(0.0) Dodging
 + Level 14.7(12.0) Shields
 + Level 18.7(15.8) Unarmed Combat
 + Level 7.0(4.8) Evocations


You had 17 spell levels left.
You didn't know any spells.

Dungeon Overview and Level Annotations

Branches:
Dungeon (15/15)            Temple (0/1) D:4            Lair (6/6) D:11
  Swamp (4/4) Lair:2       Spider (2/4) Lair:2        Slime (0/5) Lair:5
    Orc (2/2) D:9             Elf (0/3) Orc:2        Vaults (0/5) D:14
 Depths (0/5) D:15

Altars:
Cheibriados
Dithmenos
Hepliaklqana
Nemelex Xobeh
Okawaru
Qazlal
Ru
Xom
The Shining One
Beogh
Jiyva

Shops:
D:6 ?   D:15 (   Orc:2 *(%[(![

Annotations:
D:9 exclusion: door
Lair:5 1 runed door, exclusion: ice statue


Innate Abilities, Weirdness & Mutations

You are too large for most types of armour.
You have claws for hands.
Your metabolism is lightning-fast.
You like to eat raw meat.
Your natural rate of healing is unusually fast.
You are covered in fur. (AC +1)
You have very tough skin. (AC +2)
You have a pair of small antennae on your head.
You have very sharp teeth.
You have large cloven feet.
You are partially covered in icy blue scales. (AC +2)
You are partially covered in large bone plates. (SH +4)
Your skin changes colour to match your surroundings (Stealth+).
Your mind is acute. (Int +2)
Your flesh is very cold resistant. (rC++)
You are resistant to hostile enchantments. (MR+)
You are robust. (+10% HP)


Message History

The redback bites you.
* * * LOW HITPOINT WARNING * * *
The redback bites you!
* * * LOW HITPOINT WARNING * * *
Okay, then.
Unknown command.
You're too confused!
You are more confused.
You feel invigorated.
You feel very sick. The tarantella bites you.
* * * LOW HITPOINT WARNING * * *
The redback bites you!
* * * LOW HITPOINT WARNING * * *
The redback bites you but does no damage.
The tarantella bites you!
* * * LOW HITPOINT WARNING * * *
The redback misses you. The redback bites you!
You die...
Xom howls with laughter!

≈........##...#
....$..........#
.........^†<..##...
##...##....s§§.^.... #.
###....#......?.§.....
...##.....####.....#s.....
#.......s.# ##....#......
....^...s## #$..##$.....
....#...s@# ##.## ..##. #
##..s...# ## ### ##......#
########


You could see a demonic crawler, a tarantella and 2 redbacks.

Vanquished Creatures
  Rupert (D:15)
  Kirke (Lair:4)
  3 thorn hunters
  An orc warlord (Orc:1)
  A frost giant (IceCv)
  An entropy weaver (Lair:5)
  An ettin (Orc:1)
  2 slime creatures (D:12)
  19 hydras
  The ghost of tof the Archer, a journeyman CeHu of Okawaru (D:9)
  3 catoblepae (Lair:6)
  An ice dragon (Lair:3)
  A centaur warrior (D:15)
  A ghost crab (Swamp:1)
  6 alligators
  10 two-headed ogres
  A death knight (D:14)
  2 dancing weapons (D:14)
  An ogre mage (Orc:2)
  11 death yaks
  An alligator (shapeshifter) (Lair:1)
  3 tengu warriors
  Urug (Lair:4)
  A spriggan berserker (Swamp:4)
  6 orc high priests (Orc:2)
  7 spriggans
  2 unseen horrors
  2 spriggan druids (Swamp:3)
  A deep troll (Orc:2)
  A glowing orange brain (D:12)
  6 swamp dragons
  Pikel (D:5)
  2 shambling mangroves
  A phantasmal warrior (D:14)
  5 orc knights (Orc:2)
  3 orc sorcerers
  7 wolf spiders
  A mana viper (Spider:1)
  A salamander (D:15)
  An ugly thing (D:11)
  7 cyclopes
  4 manticores
  Maurice (D:13)
  An elephant (D:11)
  5 centaur zombies
  3 black mambas
  15 spiny frogs
  A gargoyle (D:12)
  A spiny frog (shapeshifter) (D:15)
  A rime drake (shapeshifter) (D:14)
  An efreet (D:15)
  A tengu conjurer (D:15)
  3 demonic crawlers
  2 freezing wraiths (D:14)
  2 rime drakes
  5 komodo dragons
  3 trolls
  25 polar bears
  4 jumping spiders (Spider:1)
  Grinder (D:4)
  12 hornets
  13 blink frogs
  4 tyrant leeches
  6 bog bodies
  9 hippogriffs
  7 dream sheep (Lair:6)
  19 redbacks
  Sigmund (D:4)
  A vampire (D:9)
  5 tarantellas
  73 yaks
  3 wyverns
  6 basilisks
  6 hogs (Lair:4)
  11 vampire mosquitoes
  A steam dragon (D:11)
  7 hungry ghosts
  4 wargs
  26 insubstantial wisps
  2 acid dragons (D:15)
  17 swamp worms
  The ghost of KristoblXynda the Slasher, an amateur TeSk (D:3)
  10 porcupines
  9 water moccasins
  7 swamp drakes
  2 black bears
  A phantom (D:8)
  45 orc warriors
  5 sky beasts
  A hornet zombie (D:8)
  8 ice beasts
  An eye of draining (Lair:6)
  12 ogres
  17 centaurs
  4 crocodiles
  17 wolves
  A necrophage (D:11)
  15 bullfrogs
  3 big kobolds
  4 earth elementals
  A wyvern zombie (D:12)
  A water moccasin zombie (D:9)
  3 wyvern skeletons
  4 scorpions
  A water moccasin skeleton (D:7)
  2 killer bees (D:8)
  9 wights
  A spectral bullfrog (D:12)
  8 electric eels
  3 howler monkeys
  6 crimson imps
  2 bullfrog zombies (D:12)
  2 jellies
  8 hounds
  3 bullfrog skeletons
  9 centaur skeletons
  32 orc priests
  8 iguanas
  23 orc wizards
  7 worker ants
  A hound skeleton (D:8)
  A howler monkey zombie (D:8)
  A worker ant zombie (D:8)
  13 adders
  A shadow imp (D:9)
  A white imp (Lair:5)
  2 worms
  An adder skeleton (D:9)
  An adder zombie (D:6)
  A dart slug (D:1)
  5 leopard geckos
  115 orcs
  4 giant cockroaches
  7 goblins
  5 hobgoblins
  12 jackals
  14 kobolds
  2 quokkas (D:12)
  2 ball pythons
  5 bats
  4 frilled lizards
  2 leopard gecko skeletons
  A quokka skeleton (D:5)
  A quokka zombie (D:6)
  5 rats
  A briar patch (Swamp:2)
  3 fungi
947 creatures vanquished.

Vanquished Creatures (collateral kills)
  A hydra (Lair:4)
  Sonja (Lair:4)
  A hornet (D:12)
  2 blink frogs (Lair:4)
  3 yaks (Lair:4)
  A porcupine (Lair:4)
  A sky beast (D:9)
  A phantom (D:8)
  4 killer bees (D:8)
  2 iguanas (Lair:1)
  An orc wizard (Orc:1)
  6 orcs
  A giant cockroach (D:3)
  A hobgoblin (D:3)
  A ball python (D:3)
  A kobold (D:8)
28 creatures vanquished.

Vanquished Creatures (others)
  A death yak (Lair:6)
  A komodo dragon (Lair:1)
  3 yaks (Lair:6)
  A vampire mosquito (Swamp:3)
  A swamp drake (Swamp:1)
  An orc (D:9)
  2 briar patches (Swamp:4)
  9 fungi
  9 plants
28 creatures vanquished.

Grand Total: 1003 creatures vanquished

Notes
Turn   | Place    | Note
-------+----------+-------------------------------------------
     0 | D:1      | NoBanana the Troll Chaos Knight began the quest for the Orb.
     0 | D:1      | Reached XP level 1. HP: 22/22 MP: 0/0
    88 | D:1      | XOM: mild Chrm miscast
   170 | D:1      | XOM: mild Air miscast
   197 | D:1      | Reached XP level 2. HP: 29/29 MP: 1/1
   960 | D:2      | Reached XP level 3. HP: 34/36 MP: 2/2
  1059 | D:2      | Reached skill level 4 in Unarmed Combat
  1566 | D:3      | Reached XP level 4. HP: 42/45 MP: 3/3
  1573 | D:3      | XOM: smoke on damage
  1634 | D:3      | Noticed KristoblXynda's ghost (amateur TeSk)
  1655 | D:3      | XOM: summons friendly quasit
  1662 | D:3      | Killed KristoblXynda's ghost
  1662 | D:3      | Reached skill level 5 in Unarmed Combat
  1662 | D:3      | Reached XP level 5. HP: 47/53 MP: 4/4
  1769 | D:3      | Found a faded altar of an unknown god.
  2239 | D:4      | Noticed Sigmund
  2246 | D:4      | XOM: blink monster(s)
  2252 | D:4      | XOM: fog
  2270 | D:4      | Killed Sigmund
  2270 | D:4      | Reached skill level 6 in Unarmed Combat
  2270 | D:4      | Reached XP level 6. HP: 24/62 MP: 5/5
  2471 | D:4      | Noticed Grinder
  2488 | D:4      | Killed Grinder
  2488 | D:4      | Reached skill level 7 in Unarmed Combat
  2488 | D:4      | Reached XP level 7. HP: 52/71 MP: 6/6
  2843 | D:4      | Found a staircase to the Ecumenical Temple.
  3214 | D:4      | XOM: divination: magic mapping
  3253 | D:5      | Entered Level 5 of the Dungeon
  3293 | D:5      | Noticed Pikel
  3294 | D:5      | XOM: potion effect (haste)
  3329 | D:5      | Killed Pikel
  3329 | D:5      | Reached skill level 5 in Fighting
  3329 | D:5      | Reached skill level 8 in Unarmed Combat
  3329 | D:5      | Reached XP level 8. HP: 61/80 MP: 7/7
  3445 | D:5      | Reached skill level 9 in Unarmed Combat
  3486 | D:5      | XOM: potion effect (invisibility)
  3513 | D:5      | XOM: divination: magic mapping
  3551 | D:5      | XOM: 2-stop teleportation journey
  3677 | D:5      | Found a snail-covered altar of Cheibriados.
  3778 | D:5      | Found a glowing golden altar of the Shining One.
  3892 | D:6      | XOM: polymorph water moccasin -> ogre
  3897 | D:6      | XOM: silly message
  3913 | D:6      | XOM: harmless Pois miscast
  3976 | D:5      | XOM: give mutations
  3976 | D:5      | Gained mutation: You are surrounded by a mild repulsion field. (EV +2) [Xom's grace]
  3976 | D:5      | Gained mutation: You have large cloven feet. [Xom's grace]
  3976 | D:5      | Gained mutation: You are agile. (Dex +2) [Xom's grace]
  4237 | D:6      | XOM: 4-stop teleportation journey
  4283 | D:6      | Reached skill level 10 in Unarmed Combat
  4302 | D:6      | Reached XP level 9. HP: 87/89 MP: 8/8
  4504 | D:6      | Found a stormy altar of Qazlal.
  4553 | D:6      | XOM: torment (47/92 hp)
  4895 | D:6      | Found Enisajake's Magic Scroll Shoppe.
  4898 | D:6      | Bought a scroll of identify for 28 gold pieces
  4898 | D:6      | Bought a scroll of magic mapping for 49 gold pieces
  4898 | D:6      | Bought a scroll of teleportation for 42 gold pieces
  4950 | D:6      | Found a hazy altar of Hepliaklqana.
  4950 | D:6      | Found an iron altar of Okawaru.
  5130 | D:7      | Reached skill level 11 in Unarmed Combat
  5153 | D:7      | Found a sparkling altar of Nemelex Xobeh.
  5156 | D:7      | XOM: harmless Summ miscast
  5373 | D:7      | XOM: give mutations
  5373 | D:7      | Gained mutation: You occasionally shout uncontrollably at your foes. [Xom's mischief]
  5373 | D:7      | Gained mutation: You are dopey. (Int -2) [Xom's mischief]
  5373 | D:7      | Lost mutation: You are agile. (Dex +2) [Xom's mischief]
  5373 | D:7      | Gained mutation: Your magical capacity is low. (-10% MP) [Xom's mischief]
  5486 | D:8      | XOM: polymorph quokka -> leopard gecko
  5493 | D:8      | XOM: swap monsters
  5646 | D:8      | Reached XP level 10. HP: 76/104 MP: 8/8
  5683 | D:8      | XOM: divination: detect creatures
  5781 | D:8      | XOM: silly message
  5784 | D:8      | Reached skill level 1 in Shields
  5913 | D:8      | XOM: harmless Fire miscast
  5935 | D:8      | XOM: silly message
  6139 | D:9      | Reached skill level 12 in Unarmed Combat
  6180 | D:9      | XOM: swap monsters
  6190 | D:9      | HP: 3/104 [electric eel/bolt of electricity (16)]
  6407 | D:9      | XOM: enchant monster (bad)
  6444 | D:9      | Noticed tof's ghost (journeyman CeHu)
  6450 | D:9      | XOM: confusion
  6451 | D:9      | XOM: 1-stop teleportation journey
  6755 | D:9      | Noticed a two-headed ogre
  6755 | D:9      | Noticed a two-headed ogre
  6771 | D:9      | Killed a two-headed ogre
  6792 | D:9      | Killed a two-headed ogre
  7007 | D:9      | Killed tof's ghost
  7007 | D:9      | Reached XP level 11. HP: 83/113 MP: 8/8
  7036 | D:9      | XOM: summons friendly ufetubus
  7182 | D:9      | Found a staircase to the Orcish Mines.
  7209 | D:9      | XOM: blink monster(s)
  7434 | D:9      | XOM: mild Air miscast
  7699 | D:9      | XOM: give mutations
  7699 | D:9      | Lost mutation: You occasionally shout uncontrollably at your foes. [Xom's mischief]
  7699 | D:9      | Gained mutation: You are frail. (-10% HP) [Xom's mischief]
  7917 | D:10     | Entered Level 10 of the Dungeon
  7920 | D:10     | XOM: enchant monster (bad)
  8206 | D:10     | Reached skill level 13 in Unarmed Combat
  8383 | D:10     | XOM: harmless Necr miscast
  8385 | D:10     | Reached skill level 5 in Shields
  8393 | D:10     | XOM: divination: magic mapping
  8818 | D:10     | You fall through a shaft!
  8819 | D:11     | XOM: potion effect (agility)
  8820 | D:11     | XOM: potion effect (brilliance)
  8866 | D:11     | Found a staircase to the Lair.
  8869 | D:11     | XOM: potion effect (agility)
  8874 | D:11     | XOM: smoke on damage
  8876 | D:11     | XOM: god gift: 460 gold pieces
  9075 | D:11     | Reached skill level 10 in Fighting
  9075 | D:11     | XOM: scenery: create altars
  9106 | D:11     | XOM: 7-stop teleportation journey
  9591 | D:11     | Noticed a purple ugly thing
  9599 | D:11     | Killed a purple ugly thing
  9613 | D:11     | XOM: enchant monster (good)
  9621 | D:11     | XOM: summons 5 friendly demons
  9683 | D:11     | XOM: 1-stop teleportation journey
  9989 | Lair:1   | Entered Level 1 of the Lair of Beasts
 10021 | Lair:1   | XOM: cleaving
 10026 | Lair:1   | Reached XP level 12. HP: 41/114 MP: 9/9
 10161 | Lair:1   | XOM is BORED!
 10161 | Lair:1   | XOM: 8-stop teleportation journey
 10162 | Lair:1   | Lost mutation: You are frail. (-10% HP) [potion of mutation]
 10162 | Lair:1   | Lost mutation: Your magical capacity is low. (-10% MP) [potion of mutation]
 10162 | Lair:1   | Lost mutation: You have large cloven feet. [potion of mutation]
 10162 | Lair:1   | Lost mutation: You are dopey. (Int -2) [potion of mutation]
 10162 | Lair:1   | Gained mutation: Scrolls take you a little longer to read. [potion of mutation]
 10162 | Lair:1   | Gained mutation: Your body sometimes deteriorates upon taking damage. [potion of mutation]
 10162 | Lair:1   | Gained mutation: Your flesh is heat resistant. (rF+) [potion of mutation]
 10163 | Lair:1   | Lost mutation: Your body sometimes deteriorates upon taking damage. [potion of mutation]
 10163 | Lair:1   | Lost mutation: Scrolls take you a little longer to read. [potion of mutation]
 10163 | Lair:1   | Lost mutation: Your flesh is heat resistant. (rF+) [potion of mutation]
 10163 | Lair:1   | Lost mutation: You are surrounded by a mild repulsion field. (EV +2) [potion of mutation]
 10163 | Lair:1   | Gained mutation: Your spells are a little easier to cast, but a little less powerful. [potion of mutation]
 10163 | Lair:1   | Gained mutation: You are robust. (+10% HP) [potion of mutation]
 10163 | Lair:1   | Gained mutation: Your skin changes colour to match your surroundings (Stealth+). [potion of mutation]
 10163 | Lair:1   | Gained mutation: You have large cloven feet. [potion of mutation]
 10234 | Lair:1   | Noticed a four-headed hydra
 10241 | Lair:1   | XOM: summons 10 friendly demons
 10242 | Lair:1   | Killed a five-headed hydra
 10255 | Lair:1   | Noticed a five-headed hydra
 10255 | Lair:1   | XOM: potion effect (invisibility)
 10352 | Lair:1   | XOM: severe Pois miscast
 10386 | Lair:1   | XOM: smoke on damage
 10548 | Lair:1   | XOM: cloud trail
 10570 | Lair:1   | Noticed a four-headed hydra
 10572 | Lair:1   | XOM: cleaving
 10575 | Lair:1   | XOM: fake destruction
 10577 | Lair:1   | XOM: summons friendly crimson imp
 10580 | Lair:1   | Killed a nine-headed hydra
 10675 | Lair:1   | Noticed a four-headed hydra
 10689 | Lair:1   | Noticed an emperor scorpion
 10689 | Lair:1   | a four-headed hydra changed into an emperor scorpion
 10689 | Lair:1   | XOM: polymorph four-headed hydra -> emperor scorpion
 10694 | Lair:1   | Noticed an entropy weaver
 10694 | Lair:1   | an emperor scorpion changed into an entropy weaver
 10702 | Lair:1   | XOM: summons friendly shadow imp
 10703 | Lair:1   | XOM: god gift: 440 gold pieces
 10703 | Lair:1   | Noticed a spark wasp
 10703 | Lair:1   | an entropy weaver changed into a spark wasp
 10715 | Lair:1   | Noticed an alligator
 10715 | Lair:1   | a spark wasp changed into an alligator
 10721 | Lair:1   | XOM: destruction
 10726 | Lair:1   | Killed an alligator
 10814 | Lair:1   | XOM: scenery: create altars
 10966 | Lair:2   | XOM: cast spell 'Necromutation'
 10969 | Lair:2   | Killed a seven-headed hydra
 11159 | Lair:2   | XOM: fog
 11187 | Lair:2   | XOM: scenery: create altars
 11232 | Lair:2   | XOM: give mutations
 11232 | Lair:2   | Gained mutation: You are covered in thick fur. (AC +2) [Xom's grace]
 11232 | Lair:2   | Gained mutation: Your flesh is cold resistant. (rC+) [Xom's grace]
 11232 | Lair:2   | Gained mutation: You are partially covered in large bone plates. (SH +4) [Xom's grace]
 11242 | Lair:2   | Found a hole to the Spider Nest.
 11252 | Lair:2   | XOM is BORED!
 11252 | Lair:2   | XOM: give mutation
 11252 | Lair:2   | Gained mutation: You are dopey. (Int -2) [Xom's mischief]
 11330 | Lair:2   | XOM: god gift: gnarled jewelled staff {god gift}
 11647 | Lair:2   | Found a staircase to the Swamp.
 11768 | Lair:3   | XOM: cast spell 'Summon Butterflies'
 11824 | Lair:3   | XOM: harmless Hex miscast
 11829 | Lair:3   | XOM: medium Ice miscast
 11984 | Lair:3   | XOM: polymorph yak -> tarantella
 12315 | Lair:3   | XOM: confuse monster(s)
 12337 | Lair:3   | XOM: give mutation
 12337 | Lair:3   | Lost mutation: You have large cloven feet. [Xom's mischief]
 12373 | Lair:3   | XOM: noise
 12395 | Lair:3   | Noticed an ice dragon
 12399 | Lair:3   | XOM: destruction
 12406 | Lair:3   | Killed an ice dragon
 12465 | Lair:3   | XOM: draining
 12553 | Lair:3   | XOM: give mutations
 12553 | Lair:3   | Lost mutation: Your spells are a little easier to cast, but a little less powerful. [Xom's mischief]
 12553 | Lair:3   | Lost mutation: You are covered in thick fur. (AC +2) [Xom's mischief]
 12814 | Lair:4   | Noticed an eight-headed hydra
 12857 | Lair:4   | XOM: enchant monster (good)
 12909 | Lair:4   | XOM: snakes to sticks
 12991 | Lair:4   | Noticed Urug
 12994 | Lair:4   | XOM: summons friendly white imp
 12998 | Lair:4   | XOM: summons 3 friendly demons
 13001 | Lair:4   | Reached skill level 1 in Throwing
 13014 | Lair:4   | XOM: 6-stop teleportation journey
 13056 | Lair:4   | XOM: cast spell 'Summon Horrible Things'
 13061 | Lair:4   | Reached XP level 13. HP: 147/152 MP: 12/12
 13074 | Lair:4   | Noticed Sonja
 13078 | Lair:4   | Killed Sonja
 13130 | Lair:4   | XOM: polymorph blink frog -> ogre
 13131 | Lair:4   | XOM: harmless Tloc miscast
 13134 | Lair:4   | XOM: potion effect (berserk rage)
 13140 | Lair:4   | XOM: potion effect (experience)
 13140 | Lair:4   | Reached skill level 5 in Throwing
 13140 | Lair:4   | Reached skill level 10 in Shields
 13140 | Lair:4   | Reached XP level 14. HP: 162/162 MP: 13/13
 13145 | Lair:4   | XOM: potion effect (heal wounds)
 13392 | Lair:4   | Noticed Kirke
 13395 | Lair:4   | Noticed a sphinx
 13555 | Lair:3   | XOM: god gift: glowing hand crossbow {god gift}
 13593 | Lair:4   | XOM: scenery: create altars
 13600 | Lair:4   | XOM: summons friendly quasit
 13650 | Lair:4   | XOM: summons friendly iron imp
 13670 | Lair:4   | Killed Kirke
 13981 | Lair:4   | XOM: give mutations
 13981 | Lair:4   | Gained mutation: You are partially covered in icy blue scales. (AC +2) [Xom's grace]
 13981 | Lair:4   | Lost mutation: You are dopey. (Int -2) [Xom's grace]
 13981 | Lair:4   | Gained mutation: You have a pair of small antennae on your head. [Xom's grace]
 13981 | Lair:4   | Gained mutation: You have a beak for a mouth. [Xom's grace]
 14049 | Lair:4   | Killed Urug
 14118 | Lair:4   | XOM: scenery: create altars
 14140 | Lair:4   | XOM: give mutation
 14140 | Lair:4   | Gained mutation: You are resistant to hostile enchantments. (MR+) [Xom's grace]
 14344 | Lair:4   | XOM: god gift: glowing robe {god gift}
 14347 | Lair:4   | XOM: harmless Air miscast
 14358 | Lair:5   | XOM: harmless Ice miscast
 14370 | Lair:5   | XOM: harmless Hex miscast
 14452 | Lair:5   | Found a runed door.
 14452 | Lair:5   | Found a viscous altar of Jiyva.
 14452 | Lair:5   | Noticed an acid blob
 14454 | Lair:5   | Found a staircase to the Slime Pits.
 14515 | Lair:5   | XOM: potion effect (invisibility)
 14531 | Lair:5   | XOM: potion effect (might)
 14722 | Lair:5   | XOM: noise
 14732 | Lair:5   | XOM: smoke on damage
 14823 | Lair:5   | XOM: divination: detect items
 15215 | Lair:6   | Entered Level 6 of the Lair of Beasts
 15217 | Lair:6   | XOM: confuse monster(s)
 15296 | Lair:5   | XOM: cloud trail
 15301 | Lair:5   | XOM: confuse monster(s)
 15361 | Lair:5   | Noticed an entropy weaver
 15361 | Lair:5   | an eight-headed hydra changed into an entropy weaver
 15369 | Lair:5   | Killed an entropy weaver
 15372 | Lair:5   | XOM: god gift: crooked smoking staff {god gift}
 15569 | Lair:6   | XOM: god gift: 570 gold pieces
 15583 | Lair:6   | XOM: destruction
 15586 | Lair:6   | XOM: fog
 15594 | Lair:6   | XOM: summons friendly shadow imp
 15680 | Lair:6   | XOM: polymorph shadow imp -> quasit
 15695 | Lair:6   | XOM: enchant monster (good)
 15696 | Lair:6   | XOM: polymorph yak -> polar bear
 15752 | Lair:6   | XOM: harmless Pois miscast
 15817 | Lair:6   | XOM: cleaving
 15821 | Lair:6   | XOM: mild Air miscast
 15824 | Lair:6   | XOM: harmless Air miscast
 15911 | Lair:6   | XOM: polymorph yak -> eye of draining
 15913 | Lair:6   | XOM: harmless Air miscast
 16240 | Lair:6   | XOM: fog
 16329 | Lair:6   | XOM: god gift: 14 stones
 16415 | Lair:6   | XOM: god gift: potion of curing
 16716 | Lair:6   | XOM: potion effect (haste)
 16725 | Lair:6   | XOM: divine lightning
 16727 | Lair:6   | XOM: scenery: create altars
 16758 | Lair:6   | XOM: polymorph yak -> hornet
 16760 | Lair:6   | Reached skill level 14 in Unarmed Combat
 16762 | Lair:6   | XOM: god gift: 4 meat rations
 16770 | Lair:6   | Reached XP level 15. HP: 154/173 MP: 14/14
 16841 | Lair:6   | XOM: give mutations
 16841 | Lair:6   | Gained mutation: Your muscles are strong. (Str +2) [Xom's grace]
 16841 | Lair:6   | Gained mutation: Your mind is acute. (Int +2) [Xom's grace]
 16841 | Lair:6   | Gained mutation: Your flesh is very cold resistant. (rC++) [Xom's grace]
 16841 | Lair:6   | Gained mutation: You have large cloven feet. [Xom's grace]
 17104 | Lair:6   | XOM: god gift: 560 gold pieces
 17116 | Lair:6   | XOM: god gift: 44 gold pieces
 17140 | Lair:6   | XOM: fog
 17297 | Lair:6   | XOM: scenery: create altars
 17552 | Orc:1    | Entered Level 1 of the Orcish Mines
 17552 | Orc:1    | Noticed an orc warlord
 17555 | Orc:1    | XOM: confuse monster(s)
 17624 | D:9      | XOM: scenery: create altars
 17658 | Orc:1    | Found a roughly hewn altar of Beogh.
 17679 | Orc:1    | XOM: summons 10 friendly demons
 17684 | Orc:1    | Killed an orc warlord
 17701 | Orc:1    | XOM: 1-stop teleportation journey
 17816 | Orc:1    | XOM: harmless Air miscast
 17967 | Orc:1    | XOM: harmless Hex miscast
 18015 | Orc:2    | Entered Level 2 of the Orcish Mines
 18025 | Orc:2    | XOM: medium Necr miscast
 18060 | Orc:2    | XOM: harmless Ice miscast
 18175 | Orc:2    | Found Ukutir's Distillery.
 18175 | Orc:2    | Found Siphi's Antique Weapon Emporium.
 18176 | Orc:2    | XOM: harmless Necr miscast
 18178 | Orc:2    | Found Uzoar Xaxt's Armour Shoppe.
 18185 | Orc:2    | XOM: medium Conj miscast
 18186 | Orc:2    | XOM: summons 2 friendly demons
 18211 | Orc:2    | XOM: summons 1 friendly demon
 18213 | Orc:2    | XOM: cast spell 'Dispersal'
 18232 | Orc:2    | XOM: divination: magic mapping
 18258 | Orc:2    | Reached skill level 15 in Unarmed Combat
 18295 | Orc:2    | XOM: cast spell 'Summon Small Mammal'
 18549 | Orc:2    | Bought a potion of heal wounds for 65 gold pieces
 18549 | Orc:2    | Bought a potion of haste for 130 gold pieces
 18549 | Orc:2    | Bought a potion of berserk rage for 65 gold pieces
 18549 | Orc:2    | Bought a potion of berserk rage for 65 gold pieces
 18549 | Orc:2    | Bought a potion of curing for 39 gold pieces
 18555 | Orc:2    | Bought a scarf of repulsion for 156 gold pieces
 18565 | Orc:2    | Found a staircase to the Elven Halls.
 18664 | Orc:2    | XOM: mild Summ miscast
 18692 | Orc:2    | XOM: scenery: create altars
 18696 | Orc:2    | XOM: summons 4 friendly demons
 19052 | Orc:2    | Found Nelin's Assorted Antiques.
 19059 | Orc:2    | Bought a scroll of teleportation for 69 gold pieces
 19117 | Orc:2    | XOM: scenery: create altars
 19144 | Orc:2    | XOM: blink monster(s)
 19169 | Orc:2    | XOM: scenery: create altars
 19208 | Orc:2    | XOM: repel stairs
 19214 | Orc:2    | XOM: harmless Tmut miscast
 19218 | Orc:2    | XOM: divination: magic mapping
 19226 | Orc:2    | XOM: silly message
 19281 | Orc:2    | XOM: divination: detect creatures
 19342 | Orc:2    | Found Eppuolaq's Antique Armour Shop.
 19343 | Orc:2    | Found Kuinu's Antique Weapon Shop.
 19343 | Orc:2    | Found Morhugec's Food Boutique.
 19344 | Orc:2    | Found Hidiy's Distillery.
 19350 | Orc:2    | Bought a potion of heal wounds for 75 gold pieces
 19350 | Orc:2    | Bought a potion of heal wounds for 75 gold pieces
 19350 | Orc:2    | Bought a potion of haste for 150 gold pieces
 19381 | Orc:2    | Bought a potion of curing for 45 gold pieces
 19381 | Orc:2    | Bought a potion of flight for 45 gold pieces
 19381 | Orc:2    | Bought a potion of ambrosia for 120 gold pieces
 19381 | Orc:2    | Bought a potion of berserk rage for 75 gold pieces
 19381 | Orc:2    | Bought a potion of berserk rage for 75 gold pieces
 19432 | Orc:2    | Bought 2 potions of resistance for 260 gold pieces
 19432 | Orc:2    | Bought a potion of flight for 39 gold pieces
 19432 | Orc:2    | Bought a potion of flight for 39 gold pieces
 19432 | Orc:2    | Bought a potion of mutation for 104 gold pieces
 19557 | Orc:1    | XOM: 4-stop teleportation journey
 20016 | D:12     | XOM: swap monsters
 20054 | D:12     | XOM: cast spell 'Summon Ice Beast'
 20125 | D:12     | XOM: enchant monster (good)
 20262 | D:12     | XOM: divination: detect items
 20274 | D:12     | XOM: god gift: potion of might
 20634 | D:12     | XOM: mild Pois miscast
 20675 | D:13     | Reached skill level 16 in Unarmed Combat
 20896 | D:13     | XOM: noise
 21079 | D:13     | XOM: harmless Conj miscast
 21085 | D:13     | Noticed Maurice
 21094 | D:13     | Killed Maurice
 21616 | D:14     | XOM: confuse monster(s)
 21649 | D:14     | XOM: cloud trail
 21659 | D:14     | XOM: noise
 21672 | D:14     | Reached skill level 1 in Evocations
 21672 | D:14     | XOM: mild Pois miscast
 21673 | D:14     | XOM: divination: detect items
 21709 | D:14     | XOM: god gift: 51 gold pieces
 21736 | D:14     | Found a gate to the Vaults.
 21775 | D:14     | XOM: silly message
 21778 | D:14     | Reached XP level 16. HP: 188/188 MP: 15/15
 21809 | D:14     | Found a sacrificial altar of Ru.
 22051 | D:14     | XOM: harmless Erth miscast
 22172 | D:14     | XOM: harmless Tmut miscast
 22205 | D:15     | Entered Level 15 of the Dungeon
 22364 | D:15     | XOM: mild Ice miscast
 22387 | D:15     | XOM: smoke on damage
 22404 | D:15     | XOM is BORED!
 22404 | D:15     | XOM: mild Air miscast
 22488 | D:15     | Found a shadowy altar of Dithmenos.
 22490 | D:15     | Noticed Rupert
 22490 | D:15     | XOM: summons friendly white imp
 22495 | D:15     | XOM: repel stairs
 22503 | D:15     | Killed Rupert
 22685 | D:15     | XOM: enchant monster (bad)
 22777 | D:15     | Found Yngey's Antique Weapon Shop.
 22796 | D:15     | Found a frozen archway.
 22815 | D:15     | XOM: mild Tmut miscast
 22846 | IceCv    | Entered an ice cave
 23055 | IceCv    | XOM: swap monsters
 23131 | IceCv    | Reached skill level 17 in Unarmed Combat
 23185 | IceCv    | XOM: 4-stop teleportation journey
 23233 | IceCv    | XOM: summons 2 friendly demons
 23236 | IceCv    | XOM: god gift: 3 tomahawks of returning
 23417 | IceCv    | XOM: summons friendly iron imp
 23507 | IceCv    | XOM: harmless Chrm miscast
 23696 | D:15     | Found a staircase to the Depths.
 23699 | D:15     | XOM: summons friendly iron imp
 24025 | Swamp:1  | Entered Level 1 of the Swamp
 24025 | Swamp:1  | Noticed a thorn hunter
 24038 | Swamp:1  | Killed a thorn hunter
 24231 | Swamp:1  | XOM: fake destruction
 24261 | Swamp:1  | XOM: give mutation
 24261 | Swamp:1  | Lost mutation: You have a beak for a mouth. [Xom's grace]
 24261 | Swamp:1  | Gained mutation: You have very sharp teeth. [Xom's grace]
 24721 | Swamp:1  | XOM: fake destruction
 25114 | Swamp:2  | XOM: confuse monster(s)
 25266 | Swamp:2  | XOM: 1-stop teleportation journey
 25395 | Swamp:2  | Noticed a thorn hunter
 25403 | Swamp:2  | XOM: noise
 25406 | Swamp:2  | Killed a thorn hunter
 25406 | Swamp:2  | Reached skill level 18 in Unarmed Combat
 25409 | Swamp:2  | XOM: smoke on damage
 25531 | Swamp:2  | XOM: harmless Tmut miscast
 25571 | Swamp:2  | Reached skill level 5 in Evocations
 25923 | Swamp:3  | XOM: stealth player
 26088 | Swamp:3  | XOM: 5-stop teleportation journey
 26091 | Swamp:3  | XOM: confuse monster(s)
 26093 | Swamp:3  | XOM: destruction
 26117 | Swamp:3  | Noticed a thorn hunter
 26123 | Swamp:3  | Killed a thorn hunter
 26220 | Swamp:3  | Reached XP level 17. HP: 142/196 MP: 20/20
 26648 | Swamp:3  | XOM: mild Pois miscast
 26686 | Swamp:3  | XOM: medium Fire miscast
 26916 | Swamp:4  | Entered Level 4 of the Swamp
 26958 | Swamp:4  | XOM: mild Fire miscast
 27065 | Swamp:4  | XOM: summons friendly quasit
 27132 | Swamp:4  | XOM: harmless Tmut miscast
 27170 | Swamp:4  | XOM: summons 2 friendly demons
 27180 | Swamp:4  | XOM: enchant monster (bad)
 27464 | Swamp:4  | XOM: harmless Pois miscast
 27516 | Swamp:4  | XOM: noise
 27644 | Swamp:4  | Got a decaying rune of Zot
 27829 | Spider:1 | Entered Level 1 of the Spider Nest
 27840 | Spider:1 | XOM: enchant monster (good)
 27852 | Spider:1 | XOM: confusion (+ monsters)
 28095 | Spider:1 | XOM: harmless Necr miscast
 28119 | Spider:1 | XOM is BORED!
 28119 | Spider:1 | XOM: polymorph tarantella -> mana viper
 28305 | Spider:1 | XOM: draining
 28496 | Spider:1 | Reached XP level 18. HP: 206/206 MP: 20/22
 28555 | Spider:1 | XOM: summons 9 hostile demons
 28566 | Spider:1 | XOM: mild Pois miscast
 28636 | Spider:1 | XOM: give mutation
 28636 | Spider:1 | Lost mutation: Your muscles are strong. (Str +2) [Xom's mischief]
 28744 | Spider:1 | XOM: draining
 28766 | Spider:2 | XOM: stat loss: -1 Str (30/31)
 28778 | Spider:2 | XOM: 3-stop teleportation journey
 28790 | Spider:2 | XOM: confusion
 28798 | Spider:2 | HP: 7/206 [tarantella (10)]
 28798 | Spider:2 | Slain by a redback

Vault maps used:
D:1:      nicolae_arrival_memento_mori
D:3:      chequers_ecumenical_altar_simple, minmay_hedge_maze
D:4:      minmay_temple_entry_purple_smoke, first_bread, uniq_sigmund,
          uniq_grinder
D:5:      tso_altar, nicolae_overflow_hidden_temple, uniq_pikel
D:6:      amethyst_overflow_temple_binary, old_standard_altar, serial_shops,
          kennysheep_mini_moat
D:7:      nemelex_xobeh_ov_fountains_minmay
D:9:      erik_orc_2, blue_anna_alchemist
D:10:     minmay_stone_box
D:11:     david_lair_generic
D:12:     hangedman_weighted_door, minmay_checkerbox
D:13:     uniq_maurice
D:14:     erik_vaults_1, basic_altar
D:15:     hangedman_depths_entry_try_elsewhere_first,
          hangedman_abyss_or_decor_stagger, serial_shops, shop_statue,
          portal_ice_cave_entry_pillars_1, st_stairs_6,
          grunt_dithmenos_smoke_and_mirrors, uniq_rupert
Lair:1:   beast_lair_carwin_large_1, minmay_holes
Lair:2:   minmay_swamp_entry_worms, spider_nest_entry_web_field,
          lemuel_fruit_fields
Lair:3:   dragon1_lemuel, disabler_island
Lair:4:   uniq_sonja, uniq_kirke, uniq_urug
Lair:5:   slime_altar_2, st_stairs_7, ice2_lemuel, lemuel_fruit_tree,
          serial_bayou_shore_a
Lair:6:   evilmike_catoblepas_cave
Swamp:1:  nicolae_swamp_dense_foliage
Swamp:2:  evilmike_swamp_ruin_house_4, infiniplex_staircase_pool
Swamp:3:  evilmike_swamp_ruin_rubble_1
Swamp:4:  swamp_basic_johnstein, swamp_pool5
Spider:1: nicolae_spider_circle_web, nicolae_spider_shape
Spider:2: uniq_aizul
Orc:1:    basic_altar
Orc:2:    st_orc_pillars, serial_shops, shop, guppyfry_orc_lava_fort
IceCv:    ice_cave_caverns_03

Skill      XL: |  1  2  3  4  5  6  7  8  9 10 11 12 13 14 15 16 17 18 |
---------------+-------------------------------------------------------+-----
Unarmed Combat | 4 5 6 7 8 10 11 12 13 14 16 18 | 18.7
Fighting       | 3 4 5 6 7 8 10 11 12 13 | 13.7
Shields        | 4 7 9 10 11 13 14 | 14.7
Throwing       | 1 5 6 |  6.4
Evocations     | 1 5 6 7 |  7.0
Dodging        | |  1.9

Action                   |  1- 3 |  4- 6 |  7- 9 | 10-12 | 13-15 | 16-18 || total
-------------------------+-------+-------+-------+-------+-------+-------++-------
Melee: Unarmed           |    92 |    90 |   283 |   630 |  1030 |   778 ||  2903
       Punch             |     1 |     2 |     9 |    22 |       |       ||    34
       Kick              |       |       |    40 |   162 |   188 |   242 ||   632
       Peck              |       |       |       |       |   215 |    55 ||   270
       Bite              |       |       |       |       |       |    46 ||    46
 Fire: Blowgun           |       |     4 |       |       |       |       ||     4
Throw: Large rock        |       |       |       |     4 |    18 |    22 ||    44
Evoke: Wand              |       |       |       |    31 |     5 |     7 ||    43
  Use: Potion            |     4 |     2 |     1 |    13 |     4 |    18 ||    42
       Scroll            |     2 |     5 |     8 |    22 |    11 |     7 ||    55
 Stab: Invisible         |       |       |     2 |       |     2 |       ||     4
       Distracted        |       |       |       |     2 |     3 |       ||     5
       Confused          |       |       |       |     3 |     3 |     1 ||     7
       Sleeping          |       |       |       |     3 |     2 |     1 ||     6
       Paralysed         |       |       |       |       |     2 |     1 ||     3
  Eat: Chunk             |    16 |     6 |    31 |    72 |    81 |    43 ||   249
       Bread ration      |       |       |     1 |       |       |     5 ||     6
Armor: Robe              |    41 |    14 |    60 |    51 |       |       ||   166
       Steam dragon scal |       |       |       |    39 |   198 |   236 ||   473
Dodge: Dodged            |    53 |    51 |   202 |   298 |   243 |   273 ||  1120
Block: Large shield      |       |       |       |   279 |  1027 |   914 ||  2220

Table legend:
 A = Spawn XP
 B = Non-spawn XP
 C = Spawn XP percentage of total XP
 D = Spawn monster count
 E = Non-spawn monster count
 F = Spawn count percentage of total count
 G = Total turns spent on level
                    A         B        C        D         E        F      G
               +---------+---------+-------+---------+---------+-------+---------
         Total |       0 |  215779 |   0.0 |       0 |     974 |   0.0 | 28798
               +---------+---------+-------+---------+---------+-------+---------
           D:1 |       0 |      27 |   0.0 |       0 |      16 |   0.0 |   805
           D:2 |       0 |      47 |   0.0 |       0 |      20 |   0.0 |   691
           D:3 |       0 |     288 |   0.0 |       0 |      31 |   0.0 |   711
           D:4 |       0 |     545 |   0.0 |       0 |      11 |   0.0 |  1046
           D:5 |       0 |    1440 |   0.0 |       0 |      30 |   0.0 |   940
           D:6 |       0 |    1223 |   0.0 |       0 |      21 |   0.0 |   830
           D:7 |       0 |    1345 |   0.0 |       0 |      22 |   0.0 |   545
           D:8 |       0 |    1613 |   0.0 |       0 |      29 |   0.0 |   751
           D:9 |       0 |    6301 |   0.0 |       0 |      68 |   0.0 |  1933
          D:10 |       0 |    2352 |   0.0 |       0 |      27 |   0.0 |   873
          D:11 |       0 |    6257 |   0.0 |       0 |      37 |   0.0 |  1339
          D:12 |       0 |    8577 |   0.0 |       0 |      40 |   0.0 |   649
          D:13 |       0 |    2514 |   0.0 |       0 |      17 |   0.0 |   848
          D:14 |       0 |    8150 |   0.0 |       0 |      18 |   0.0 |   758
          D:15 |       0 |   14264 |   0.0 |       0 |      27 |   0.0 |  1028
        Lair:1 |       0 |    5060 |   0.0 |       0 |      22 |   0.0 |   984
        Lair:2 |       0 |    3974 |   0.0 |       0 |      14 |   0.0 |   874
        Lair:3 |       0 |    4650 |   0.0 |       0 |      24 |   0.0 |  1165
        Lair:4 |       0 |   11482 |   0.0 |       0 |      42 |   0.0 |  1468
        Lair:5 |       0 |    7552 |   0.0 |       0 |      30 |   0.0 |  1131
        Lair:6 |       0 |   26932 |   0.0 |       0 |      64 |   0.0 |  1898
       Swamp:1 |       0 |   10462 |   0.0 |       0 |      35 |   0.0 |   981
       Swamp:2 |       0 |   12123 |   0.0 |       0 |      33 |   0.0 |   955
       Swamp:3 |       0 |   17119 |   0.0 |       0 |      36 |   0.0 |  1015
       Swamp:4 |       0 |   12372 |   0.0 |       0 |      25 |   0.0 |   804
      Spider:1 |       0 |    9010 |   0.0 |       0 |      32 |   0.0 |   923
      Spider:2 |       0 |    1854 |   0.0 |       0 |       6 |   0.0 |    46
         Orc:1 |       0 |    6189 |   0.0 |       0 |      28 |   0.0 |   633
         Orc:2 |       0 |   20399 |   0.0 |       0 |     125 |   0.0 |  1491
         IceCv |       0 |   11658 |   0.0 |       0 |      44 |   0.0 |   683
               +---------+---------+-------+---------+---------+-------+---------
